 Dungeon Crawl Stone Soup version 0.29-a0-789-g7a8fcbc185 (webtiles) character file.

Game seed: 5985407262433498030

7249 Pooter the Skirmisher (level 10, 0/88 HPs)
             Began as a Minotaur Hunter on July 2, 2022.
             Was an Initiate of Makhleb.
             Slain by Harold
             ... wielding a +0 long sword
              (13 damage)
             ... on level 10 of the Dungeon.
             The game lasted 00:53:57 (13473 turns).

Pooter the Skirmisher (Minotaur Hunter)            Turns: 13473, Time: 00:53:58

Health: 0/88       AC: 12    Str: 24    XL:     10   Next: 88%
Magic:  9/9        EV:  7    Int:  6    God:    Makhleb [......]
Gold:   269        SH:  0    Dex: 22    Spells: 9/9 levels left

rFire   . . .      SeeInvis .   a - +1 war axe
rCold   . . .      Faith    .   (no shield)
rNeg    . . .      Spirit   .   x - +0 plate armour
rPois   .          Reflect  .   (helmet restricted)
rElec   .          Harm     .   w - +0 cloak
rCorr   .          Rampage  .   (no gloves)
Will    .....                   n - +0 pair of boots
Stlth   ..........              (no amulet)
HPRegen 0.24/turn               k - +6 ring of dexterity
MPRegen 0.11/turn               J - +6 ring of strength

@: no status effects
A: horns 2, retaliatory headbutt
a: Renounce Religion


You were on level 10 of the Dungeon.
You worshipped Makhleb.
Makhleb was noncommittal.
You visited 2 branches of the dungeon, and saw 11 of its levels.

You collected 464 gold pieces.
You spent 195 gold pieces at shops.

Inventory:

Hand Weapons
 a - a +1 war axe (weapon)
   (You found it on level 4 of the Dungeon)
 b - a +0 shortbow
 F - the +3 long sword of the Boiling Point {speed, rN+ Will+ Int+2}
   (You found it on level 3 of the Dungeon)

   Attacks with this weapon are significantly faster.
   Int:       It affects your intelligence (+2).
   rN:        It protects you from negative energy.
   Will:      It increases your willpower.
 G - a +2 flail of draining
   (You took it off a gnoll on level 5 of the Dungeon)
Missiles
 s - 13 boomerangs (quivered)
 y - 3 atropa-tipped darts
 C - 18 poisoned darts
 K - a throwing net {!f}
 Q - 83 stones
Armour
 n - a +0 pair of boots (worn)
   (You found it on level 2 of the Dungeon)
 w - a +0 cloak (worn)
   (You found it on level 3 of the Dungeon)
 x - a +0 plate armour (worn)
   (You found it on level 3 of the Dungeon)
 A - a +0 buckler
   (You found it on level 4 of the Dungeon)
 O - a +2 ring mail of poison resistance
   (You took it off an orc on level 10 of the Dungeon)
Jewellery
 k - a +6 ring of dexterity (left hand)
   (You found it on level 1 of the Dungeon)
 D - a +4 ring of protection
   (You took it off a kobold on level 4 of the Dungeon)
 I - a +6 ring of intelligence
   (You found it on level 5 of the Dungeon)
 J - a +6 ring of strength (right hand)
   (You took it off an orc on level 5 of the Dungeon)
 L - a ring of fire
   (You found it on level 6 of the Dungeon)
Wands
 f - a wand of flame (13)
   (You found it on level 9 of the Dungeon)
 q - a wand of polymorph (9)
   (You found it on level 8 of the Dungeon)
Scrolls
 c - a scroll of amnesia
 d - 2 scrolls of immolation {!r}
 m - 3 scrolls of poison {!r}
 p - a scroll of silence
 r - 2 scrolls of magic mapping
 t - 2 scrolls of teleportation {@r4}
 v - a scroll of vulnerability {!r}
 H - 2 scrolls of torment {!r}
Potions
 e - 3 potions of curing {@q1}
 g - a potion of might
 h - 2 potions of brilliance
 j - a potion of lignification {unknown}
 l - 4 potions of heal wounds {@q2}
 o - a potion of cancellation
 u - a potion of attraction {!q}
 z - 2 potions of mutation {!q}
 B - 2 potions of ambrosia
 E - 2 potions of magic
 M - a potion of degeneration {unknown}
 N - 2 potions of flight


   Skills:
 + Level 7.6 Fighting
 - Level 6.2 Long Blades
 * Level 9.4 Axes
 - Level 10.4 Ranged Weapons
 - Level 2.8 Throwing
 - Level 2.1 Dodging
 - Level 5.4 Stealth
 + Level 0.2 Invocations
 + Level 5.2 Evocations


You had 9 spell levels left.
You didn't know any spells.
Your spell library was empty.

Dungeon Overview and Level Annotations

Branches:
Dungeon (10/15)            Temple (1/1) D:5            Lair (0/6) D:9
    Orc: D:9-12

Altars:
Ashenzari
Cheibriados
Dithmenos
Elyvilon
Fedhas
Hepliaklqana
Kikubaaqudgha
Makhleb
Nemelex Xobeh
Okawaru
Qazlal
Ru
Sif Muna
Uskayaw
Vehumet
Wu Jian
Xom
Yredelemnul
Zin
The Shining One

Shops:
D:7 !

Annotations:
D:10 Harold


Innate Abilities, Weirdness & Mutations

You have a pair of horns on your head.
You reflexively headbutt those who attack you in melee.


Message History

The water moccasin bites you but does no damage.
You closely miss the water moccasin. You headbutt the water moccasin.
The water moccasin bites you but does no damage.
You slash the water moccasin! You headbutt the water moccasin.
You kill the water moccasin!
Makhleb accepts your kill.
Found 5 stones.
Q - 83 stones (gained 5) Partly explored, can't reach some items.
You see here a +0 shortbow.
There is an open door here.
There is a stone staircase leading down, spattered with blood here.
You climb downwards.
There is a stone staircase leading up, spattered with blood here.
There is an open gate here.
Items here: )) [[.
Okay, then.
i - a +2 ring mail of poison resistance You open the gate.
Found a scroll of identify.
There is an open gate here.
i - a scroll of identify {@r1};
O - a +2 ring mail of poison resistance
As you read the scroll of identify {@r1}, it crumbles to dust.
B - 2 potions of ambrosia
Found 17 gold pieces.
b - a +0 shortbow (weapon)
Harold the Weathered comes into view.
He is wielding a +0 long sword.
Harold shouts!
You start waiting.
Harold is nearby!
a - a +1 war axe (weapon)
Harold hits you with a +0 long sword!
You slash Harold! Harold hits you with a +0 long sword.
You hit Harold. You headbutt Harold, but do no damage.
Harold hits you with a +0 long sword.
You slash Harold! Harold hits you with a +0 long sword!
You barely miss Harold. Your headbutt misses Harold.
Harold hits you with a +0 long sword!!
You barely miss Harold. Your headbutt misses Harold.
Harold hits you with a +0 long sword!
* * * LOW HITPOINT WARNING * * *
You slash Harold! Harold shouts, "Can you die now?
I had plans for the rest of the day!"
Harold hits you with a +0 long sword!!
* * * LOW HITPOINT WARNING * * *
You hit Harold. Harold hits you with a +0 long sword!
* * * LOW HITPOINT WARNING * * *
You hit Harold but do no damage. You headbutt Harold.
Harold hits you with a +0 long sword!
You die...

*,,,,,,,..............###********
*,,,,,,,.................,>,,,,,,
********##...........####****+***
#.#######...#,,,**,,,,*,
#.#######...#,,,**,,,,*,
#...........#,,,**,,,,*,
****##...........+,****+**,**
*,,,.......@.#####,*,,,,,*,**
********####...#@# *,*,,**,*,,,
,,*,,8*****#...#.#******,,,,<*,,,
,,,,,_*,,,.....#........******,,,
,,*,,8*,.$..............* *,,,,
,,*****,................******,,,
*** *,................,,,,,****
*******,..........######,,,,,,,,,
,,,,,,,,,,,.......#*****,,,,,,*,,
,,,,,,,,,,.........,,,,,,,,,,,,,,


You could see Harold.

Vanquished Creatures
  A two-headed ogre (D:9)
  Pikel (D:4)
  Grinder (D:5)
  Prince Ribbit (D:7)
  A hornet (D:7)
  6 yaks (D:10)
  A shadow (D:10)
  4 wyverns
  A human (D:4)
  A steam dragon (D:7)
  Menkaure (D:7)
  5 water moccasins
  2 orc warriors
  A sky beast (D:8)
  2 ogres
  4 centaurs
  A phantom (D:5)
  A bullfrog (D:6)
  A kobold brigand (D:6)
  Blork the orc (D:4)
  A gnoll sergeant (D:8)
  2 scorpions
  9 killer bees
  6 howler monkeys
  5 hounds
  A human zombie (D:4)
  4 orc priests
  2 boudas
  3 jellies
  7 iguanas
  Natasha (thrice) (D:4)
  A human skeleton (D:4)
  8 orc wizards
  20 gnolls
  10 adders
  2 white imps (D:6)
  2 ufetubi (D:6)
  4 dart slugs
  13 orcs
  5 ball pythons
  8 endoplasms
  3 giant cockroaches
  7 goblins
  5 hobgoblins
  10 kobolds
  6 quokkas
  3 bats
  3 frilled lizards
  5 rats
195 creatures vanquished.

Vanquished Creatures (others)
  3 fungi (D:9)
  19 plants
22 creatures vanquished.

Grand Total: 217 creatures vanquished

Notes
Turn   | Place    | Note
-------+----------+-------------------------------------------
     0 | D:1      | Pooter the Minotaur Hunter began the quest for the Orb.
     0 | D:1      | Reached XP level 1. HP: 18/18 MP: 0/0
    17 | D:1      | You fall into a shaft and drop 1 floor!
    48 | D:1      | Reached skill level 1 in Stealth
   228 | D:1      | Reached XP level 2. HP: 25/25 MP: 1/1
   554 | D:1      | Found a faded altar of an unknown god.
   940 | D:2      | Reached skill level 5 in Ranged Weapons
   940 | D:2      | Reached XP level 3. HP: 25/31 MP: 2/2
  1635 | D:3      | Identified the +3 long sword of the Boiling Point {speed,
                  | rN+ Will+ Int+2}
  1798 | D:3      | Reached skill level 1 in Long Blades
  1798 | D:3      | Reached XP level 4. HP: 38/38 MP: 3/3
  2072 | D:4      | Found a runed translucent door.
  2072 | D:4      | Noticed a human
  2087 | D:4      | Reached XP level 5. HP: 45/45 MP: 4/4
  2088 | D:4      | Found a basalt altar of Yredelemnul.
  2104 | D:4      | Killed a human
  2105 | D:4      | Reached skill level 1 in Evocations
  2105 | D:4      | Reached XP level 6. HP: 46/52 MP: 5/5
  2276 | D:4      | Noticed Blork the orc
  2283 | D:4      | Killed Blork the orc
  2284 | D:4      | Reached skill level 6 in Ranged Weapons
  2365 | D:4      | Reached skill level 1 in Axes
  2424 | D:4      | Noticed Natasha
  2432 | D:4      | Killed Natasha
  2485 | D:4      | Noticed Pikel
  2500 | D:4      | HP: 1/52 [Pikel/+1 whip of flaming (3)]
  2501 | D:4      | Killed Pikel
  2502 | D:4      | Reached XP level 7. HP: 2/60 MP: 6/6
  2826 | D:4      | Identified the +1 mace of Enimael {flame, *Corrode Str+3
                  | Int+4}
  3082 | D:4      | Noticed Natasha
  3095 | D:4      | Killed Natasha
  3180 | D:4      | Noticed Natasha
  3191 | D:4      | Killed Natasha
  3355 | D:4      | Reached skill level 7 in Ranged Weapons
  3494 | D:5      | Entered Level 5 of the Dungeon
  3508 | D:5      | Found a staircase to the Ecumenical Temple.
  3515 | Temple   | Entered the Ecumenical Temple
  3738 | D:5      | Reached XP level 8. HP: 67/67 MP: 7/7
  3969 | D:5      | Reached skill level 5 in Fighting
  4313 | D:5      | Found a snail-covered altar of Cheibriados.
  4319 | D:5      | Noticed Grinder
  4332 | D:5      | Killed Grinder
  4333 | D:5      | Reached skill level 5 in Axes
  4390 | D:5      | Reached skill level 5 in Long Blades
  4396 | D:5      | Found a broken altar of Ashenzari.
  5265 | D:6      | Reached skill level 8 in Ranged Weapons
  5514 | D:6      | Reached XP level 9. HP: 63/74 MP: 8/8
  6749 | D:7      | Noticed Prince Ribbit
  6756 | D:7      | Killed Prince Ribbit
  7189 | D:7      | Noticed Menkaure
  7191 | D:7      | Killed Menkaure
  7371 | D:7      | Reached skill level 9 in Ranged Weapons
  7661 | D:7      | Found Sotikku's Distillery.
  7669 | D:7      | Bought a potion of might for 52 gold pieces
  7669 | D:7      | Bought a potion of curing for 39 gold pieces
  7801 | D:7      | Found a sparkling altar of Nemelex Xobeh.
  7881 | D:7      | Found a sacrificial altar of Ru.
  8286 | D:8      | Reached XP level 10. HP: 64/84 MP: 9/9
  8710 | D:8      | Found a burning altar of Makhleb.
  8955 | D:8      | Became a worshipper of Makhleb the Destroyer
  8983 | D:9      | Noticed a two-headed ogre
  8993 | D:9      | Killed a two-headed ogre
  8994 | D:9      | Reached skill level 1 in Throwing
  9480 | D:9      | Found a staircase to the Lair.
  9488 | D:10     | Entered Level 10 of the Dungeon
  9704 | D:10     | Reached skill level 5 in Stealth
 10660 | D:10     | Found a glowing golden altar of the Shining One.
 10665 | D:10     | Found an iron altar of Okawaru.
 10684 | D:10     | Reached skill level 10 in Ranged Weapons
 11354 | D:9      | Reached skill level 5 in Evocations
 12433 | D:7      | Bought a potion of cancellation for 104 gold pieces
 12533 | D:9      | Reached * piety under Makhleb
 12542 | D:9      | HP: 4/86 [poisoned by a killer bee]
 13457 | D:10     | Noticed Harold
 13473 | D:10     | Slain by Harold

Illustrated notes

Levels and vault maps discovered:
D:1:      sevenhm_arrival_forest_fort_small_6, layout_loops_cross,
          hellmonk_ecumenical_altar_crossroads
D:2:      layout_basic, ebering_dispersal_statue_hall
D:3:      layout_rooms
D:4:      layout_loops_ring, dk_yredelemnul_ordeal, uniq_pikel,
          uniq_blork_the_orc, uniq_natasha
D:5:      layout_loops_ring, mainiacjoe_overflow_surrounded_room,
          mainiacjoe_overflow_brackets, minmay_temple_entry_drinking_statues,
          abandoned_shop, uniq_grinder
D:6:      layout_layer_cave, minmay_misc_feat_ornament
D:7:      layout_rooms, nicolae_ru_great_annihilating_truth,
          nemelex_dance_club_becter, serial_shops, nicolae_shop_crystal,
          uniq_menkaure, uniq_prince_ribbit1
D:8:      layout_rooms, mainiacjoe_overflow_cross_hatched, minmay_fountain_box
D:9:      layout_irregular_city, minmay_lair_entry_grove
D:10:     layout_stronghold, kennysheep_mini_moat, grunt_gozag_breadcrumbs,
          mainiacjoe_overflow_big_doors, uniq_harold
Temple:   hellmonk_temple_forest_ring

Skill      XL: |  1  2  3  4  5  6  7  8  9 10 |
---------------+-------------------------------+-----
Stealth        | 1 2 3 4 5 |  5.4
Fighting       | 3 4 5 6 7 |  7.6
Ranged Weapons | 5 6 7 8 9 10 | 10.4
Long Blades    | 1 2 3 4 5 6 |  6.2
Evocations     | 1 2 3 4 5 |  5.2
Axes           | 3 5 7 9 |  9.4
Throwing       | 2 |  2.8
Dodging        | |  2.1
Invocations    | |  0.2

Action                   |  1- 3 |  4- 6 |  7- 9 | 10-12 || total
-------------------------+-------+-------+-------+-------++-------
Melee: Dagger            |     9 |       |       |       ||     9
       Punch             |     1 |       |     2 |     2 ||     5
       Long sword        |       |    42 |   147 |    25 ||   214
       Headbutt          |       |     9 |    37 |    32 ||    78
       War axe           |       |       |    46 |   106 ||   152
 Fire: Shortbow          |    85 |    25 |   122 |    35 ||   267
Throw: Boomerang         |       |       |     5 |    14 ||    19
       Dart              |       |       |     2 |     3 ||     5
Evoke: Wand              |       |       |    10 |     4 ||    14
  Use: Scroll            |     3 |     1 |    11 |     4 ||    19
       Potion            |       |       |       |    10 ||    10
Armor: Leather armour    |    14 |       |       |       ||    14
       Plate armour      |       |    36 |   134 |   127 ||   297
Dodge: Dodged            |    23 |    14 |    56 |    93 ||   186

Table legend: (Time is in decaauts)
 A = Elapsed time spent in this place.
 B = Non-inter-level travel time spent in this place.
 C = Inter-level travel time spent in this place.
 D = Time resting spent in this place.
 E = Time spent auto-exploring this place.
 F = Levels seen in this place.
 G = Mean time per level.
                   A        B        C        D        E       F      G
               +--------+--------+--------+--------+--------+-----+--------+
         Total |  13575 |  13130 |    445 |   4855 |   6557 |  11 | 1234.1 |
       Dungeon |  13411 |  12979 |    432 |   4855 |   6418 |  10 | 1341.1 |
        Temple |    163 |    150 |     13 |      0 |    139 |   1 |  163.0 |
               +--------+--------+--------+--------+--------+-----+--------+

Top non-repeatable levels by time:
    D:10: 1853 daAuts
     D:8: 1751 daAuts
     D:9: 1655 daAuts
     D:5: 1647 daAuts
     D:7: 1520 daAuts
     D:4: 1516 daAuts
     D:6: 1384 daAuts
     D:1: 897 daAuts
     D:2: 727 daAuts
     D:3: 457 daAuts
  Temple: 163 daAuts
